 Dungeon Crawl Stone Soup version 0.17-a0-1719-g1afd5a1 (webtiles) character file.

285 Oddball22 the Digger (level 6, 0/32 HPs)
             Began as a Gargoyle Earth Elementalist on Aug 27, 2015.
             Killed from afar by Sigmund (9 damage)
             ... with a puff of flame
             ... on level 2 of the Dungeon.
             The game lasted 00:12:03 (3918 turns).

Oddball22 the Digger (Gargoyle Earth Elementalist)  Turns: 3918, Time: 00:12:03

Health: 0/32       AC:  8    Str: 14    XL:     6   Next: 29%
Magic:  1/9        EV: 12    Int: 15    God:
Gold:   131        SH:  0    Dex: 10    Spells: 2 memorised, 5 levels left

rFire  . . .     SeeInvis .     g - +3 spear
rCold  . . .     Clarity  .     b - +0 robe
rNeg   + . .     SustAt   .     (no shield)
rPois  ∞         Gourm    .     k - +0 helmet
rElec  +         Spirit   .     m - +0 cloak (curse)
rCorr  .         Warding  .     (no gloves)
rMut   .         Stasis   .     (no boots)
MR     .....                    (no amulet)
Stlth  ++........               (no ring)
                                (no ring)

@: very slightly contaminated, not resistant to hostile enchantments, unstealthy
A: negative energy resistance 1, electricity resistance, unbreathing,
petrification resistance, rot immunity, AC +4
a: no special abilities


You were on level 2 of the Dungeon.
You were not hungry.

You visited 1 branch of the dungeon, and saw 3 of its levels.

You collected 131 gold pieces.

Inventory:

Hand weapons
 g - a +3 spear (weapon)
 h - a +0 club
Missiles
 a - 70 stones (quivered)
Armour
 b - a +0 robe (worn)
 k - a +0 helmet (worn)
 m - a cursed +0 cloak (worn)
Jewellery
 n - a +3 ring of strength {unknown}
Scrolls
 f - a scroll of enchant weapon {unknown}
 i - 2 scrolls of identify {unknown}
 j - a scroll of teleportation {unknown}
 l - a scroll of random uselessness {unknown}
 p - a scroll of fear {unknown}
Potions
 e - a potion of lignification {unknown}
 o - a potion of degeneration {unknown}
 r - a potion of heal wounds {unknown}
Books
 c - a book of Geomancy

   Spells                             Type                      Level
   a - Sandblast                      Earth                        1
   b - Stoneskin                      Transmutation/Earth          2
   c - Passwall                       Transmutation/Earth          3
   d - Stone Arrow                    Conjuration/Earth            3
   e - Petrify                        Transmutation/Earth          4
   f - Lee's Rapid Deconstruction     Earth                        5
Comestibles
 d - 4 bread rations
 q - 2 beef jerkies
 s - 2 chunks of flesh
 t - 2 meat rations
 u - 3 fruits


   Skills:
 - Level 1.5 Dodging
 - Level 2.1 Stealth
 - Level 2.4 Spellcasting
 * Level 4.3 Conjurations
   Level 0.7 Transmutations
 + Level 6.1 Earth Magic


You had 5 spell levels left.
You knew the following spells:

 Your Spells              Type           Power        Failure   Level  Hunger
a - Sandblast             Erth           ###...       1%          1    #......
b - Stone Arrow           Conj/Erth      ###...       10%         3    ###....


Dungeon Overview and Level Annotations

Branches:
Dungeon (3/15)

Altars:

Annotations:
D:2 Sigmund


Innate Abilities, Weirdness & Mutations

You are resistant to torment.
Your stone body is resilient (AC +4).
You are immune to poison.
You resist negative energy.
You are resistant to electric shocks.
You can survive without breathing.
You are immune to petrification.
You are immune to rotting.


Message History

The puff of flame hits you!
Casting: Stone Arrow
Confirm with . or Enter, or press ? or * to list all spells.
Aiming: Stone Arrow
Press: ? - help, Shift-Dir - straight line The stone arrow hits something.
No target in view!
Something hits you. Something hits you!
You hit something. You closely miss something.
Something hits you but does no damage.
You miss something. Something hits you!
* * * LOW HITPOINT WARNING * * *
You barely miss something. Something barely misses you.
You miss something. You hit something.
You hear some strange, mumbled words.
A puff of flame appears from out of thin air!
The puff of flame hits you!
You die...

#.# ##.##
#########...#####
#........)[.....#
#.#######<))..#.##
######.# #.............
#......# #.###)........
#.########.###.....#.##
#.#..{@..........###.##
#.#.######.####........
#.# ##.# ##.###.#. #.#
#..# #.# #...
#.#.#####.## #.#####.
#.#.......# #....###
#.######..# #.##.# #
#######.# #..# #.##.###
#.......# #..# #.##.##.


There were no monsters in sight!

Vanquished Creatures
  An ogre (D:3)
  Jessica (D:2)
  Robin (D:2)
  A gnoll (D:1)
  9 adders
  An ooze (D:1)
  A worm (D:3)
  5 giant geckos
  An orc (D:3)
  6 bats
  3 giant cockroaches
  20 goblins
  11 hobgoblins
  4 kobolds
  2 quokkas (D:3)
  A ball python (D:1)
  2 giant newts
  8 rats
78 creatures vanquished.

Notes
Turn   | Place    | Note
--------------------------------------------------------------
     0 | D:1      | Oddball22 the Gargoyle Earth Elementalist began the quest for the Orb.
     0 | D:1      | Reached XP level 1. HP: 10/10 MP: 3/3
   248 | D:1      | Reached skill level 4 in Earth Magic
   248 | D:1      | Reached XP level 2. HP: 4/15 MP: 0/5
   894 | D:1      | Reached XP level 3. HP: 19/19 MP: 4/6
  1154 | D:1      | Learned a level 3 spell: Stone Arrow
  1347 | D:2      | Noticed Robin
  1413 | D:1      | Reached skill level 5 in Earth Magic
  1665 | D:2      | Killed Robin
  1665 | D:2      | Reached skill level 1 in Conjurations
  1665 | D:2      | Reached XP level 4. HP: 21/24 MP: 0/7
  2199 | D:2      | Noticed Sigmund
  2319 | D:3      | Reached XP level 5. HP: 28/28 MP: 4/8
  3091 | D:3      | Noticed an ogre
  3155 | D:3      | Killed an ogre
  3155 | D:3      | Reached XP level 6. HP: 32/32 MP: 0/9
  3603 | D:2      | Noticed Jessica
  3608 | D:2      | Killed Jessica
  3608 | D:2      | Reached skill level 6 in Earth Magic
  3918 | D:2      | Killed from afar by Sigmund

Vault maps used:
D:1:      tarquinn_simple_flora_water_e
D:2:      first_bread, uniq_jessica, uniq_sigmund, uniq_robin
D:3:      gup_sewer_entry_bowl, minmay_ogre_servants

Action                   |  1- 3 |  4- 6 || total
-------------------------+-------+-------++-------
Melee: Unarmed           |    18 |       ||    18
       Club              |     9 |    28 ||    37
       Spear             |       |    59 ||    59
 Cast: Sandblast         |    53 |    63 ||   116
       Stone Arrow       |     1 |     8 ||     9
 Stab: Sleeping          |       |     1 ||     1
  Eat: Chunk             |     3 |     9 ||    12
